 Dungeon Crawl Stone Soup version 0.31-a0-654-gbe3e110b4e (webtiles) character file.

Game seed: 5650016885076785833

28150 dondy the Grappler (level 13, -3/120 HPs)
             Began as a Troll Fighter on Aug 29, 2023.
             Was the Champion of the Shining One.
             Slain by an 11-headed hydra (6 damage)
             ... on level 4 of the Lair of Beasts.
             The game lasted 00:35:01 (12764 turns).

dondy the Grappler (Troll Fighter)                 Turns: 12764, Time: 00:35:02

Health: -3/120     AC: 12    Str: 31    XL:     13   Next: 8%
Magic:  12/12      EV:  9    Int:  4    God:    the Shining One [******]
Gold:   823        SH: 10    Dex:  9    Spells: 12/12 levels left

rFire   + .          .
                       - Unarmed
rCold   . . .        b - +0 kite shield
rNeg    + + +        M - +0 acid dragon scales
rPois   .            (helmet restricted)
rElec   .            (no cloak)
rCorr   +            (gloves unavailable)
SInv    .            (boots unavailable)
Will    .....        (no amulet)
Stlth   +            f - ring of protection from fire
HPRegen 1.20/turn    s - +4 ring of protection
MPRegen 0.13/turn

%: no passive effects
@: glowing
A: large, unfitting armour, claws 3, regeneration 1, shaggy fur 1, tough skin 1
a: Renounce Religion, Divine Shield, Cleansing Flame, Summon Divine Warrior,
Brand Weapon With Holy Wrath


You were on level 4 of the Lair of Beasts.
You worshipped the Shining One.
The Shining One was exalted by your worship.
You visited 2 branches of the dungeon, and saw 15 of its levels.
You also visited: Ossuary.

You collected 823 gold pieces.

Inventory:

Missiles
 C - 12 poisoned darts
 F - 6 javelins
 L - 4 datura-tipped darts
 R - 4 atropa-tipped darts
 S - 3 throwing nets
Armour
 b - a +0 kite shield (worn)
 K - +0 steam dragon scales
 M - +0 acid dragon scales (worn)
Jewellery
 a - a ring of fire
 c - a ring of resist corrosion
 f - a ring of protection from fire (left claw)
 o - a ring of fire
 s - a +4 ring of protection (right claw)
 B - a ring of flight
Talismans
 d - a granite talisman
 n - a maw talisman
 u - a beast talisman
 y - a blade talisman
Wands
 I - a wand of polymorph (15)
 O - a wand of flame (6)
 T - a wand of digging (5)
Scrolls
 e - 3 scrolls of blinking
 g - a scroll of identify
 j - 2 scrolls of enchant armour {unknown}
 k - 3 scrolls of fog
 p - 4 scrolls of revelation
 q - a scroll of brand weapon {unknown}
 v - 5 scrolls of teleportation
 w - a scroll of noise {unknown}
 A - a scroll of vulnerability {unknown}
 H - 2 scrolls of torment {unknown}
 J - a scroll of summoning {unknown}
 N - 6 scrolls of amnesia
Potions
 l - 3 potions of heal wounds
 m - a potion of lignification {unknown}
 t - a potion of enlightenment {unknown}
 x - 3 potions of brilliance
 z - a potion of haste
 D - a potion of berserk rage {unknown}
 E - a potion of magic {unknown}
 G - 7 potions of curing
 P - 2 potions of ambrosia {unknown}
 Q - a potion of degeneration {unknown}


   Skills:
 + Level 6.1 Fighting
 - Level 6.0 Throwing
 - Level 2.4 Dodging
 + Level 10.9 Shields
 - Level 14.0 Unarmed Combat
 * Level 8.9 Shapeshifting


You had 12 spell levels left.
You didn't know any spells.
Your spell library contained the following spells:

 Spells                   Type           Power      Damage    Failure   Level
 Apportation              Tloc           0%         N/A       71%         1
 Sandblast                Erth           0%         2d4       71%         1
 Passwall                 Tmut/Erth      0%         N/A       85%         2
 Inner Flame              Hex/Fire       0%         N/A       97%         3
 Stone Arrow              Conj/Erth      0%         3d7       97%         3
 Summon Guardian Golem    Hex/Summ       0%         N/A       97%         3
 Volatile Blastmotes      Fire/Tloc      0%         2d10      97%         3
 Animate Armour           Summ/Erth      0%         N/A       100%        4
 Flame Wave               Conj/Fire      0%         2d4       100%        4
 Fulminant Prism          Conj/Hex       0%         3d5       100%        4
 Iskenderun's Mystic Bla  Conj/Tloc      0%         2d3       100%        4
 Leda's Liquefaction      Hex/Erth       0%         N/A       100%        4
 Sticky Flame             Conj/Fire      0%         2d3       100%        4
 Vhi's Electric Charge    Tloc/Air       0%         N/A       100%        4
 Alistair's Intoxication  Tmut/Pois      0%         N/A       100%        5
 Arcjolt                  Conj/Air       0%         1d10      100%        5
 Plasma Beam              Fire/Air       0%         2x1d10    100%        6
 Orb of Destruction       Conj           0%         9d5       100%        7
 Spellforged Servitor     Conj/Summ      0%         N/A       100%        7
 Discord                  Hex            0%         N/A       100%        8


Dungeon Overview and Level Annotations

Branches:
Dungeon (11/15)            Temple (0/1) D:5            Lair (4/5) D:10
 Shoals (0/4) Lair:3       Spider (0/4) Lair:3          Orc (0/2) D:9
Ossuary (visited)
  Slime: Lair:4-5

Altars:
Ashenzari
Dithmenos
Fedhas
Hepliaklqana
Kikubaaqudgha
Nemelex Xobeh
Ru
Trog
Wu Jian
Yredelemnul
Zin
The Shining One

Shops:
D:3 =(   D:4 (   D:5 *

Annotations:
D:4 2 transporters


Innate Abilities, Weirdness & Mutations

You are too large for most types of armour.
You have claws for hands.
Your natural rate of healing is unusually fast.
You are covered in fur. (AC +1)
You have tough skin. (AC +1)


Message History

The nine-headed hydra barely misses you.
The nine-headed hydra bites you. x2
* * * LOW HITPOINT WARNING * * *
The nine-headed hydra bites you!
* * * LOW HITPOINT WARNING * * *
You block the nine-headed hydra's attack.
The nine-headed hydra bites you.
* * * LOW HITPOINT WARNING * * *
The nine-headed hydra bites you.
* * * LOW HITPOINT WARNING * * *
You claw one of the nine-headed hydra's heads off!
The eight-headed hydra grows two more!
You claw the ten-headed hydra!
The ten-headed hydra is severely wounded.
The ten-headed hydra closely misses you.
The ten-headed hydra bites you!
* * * LOW HITPOINT WARNING * * *
The ten-headed hydra bites you but does no damage.
The ten-headed hydra closely misses you.
The ten-headed hydra bites you but does no damage.
The ten-headed hydra bites you.
* * * LOW HITPOINT WARNING * * *
You block the ten-headed hydra's attack. x2
The ten-headed hydra bites you but does no damage.
The ten-headed hydra bites you.
* * * LOW HITPOINT WARNING * * *
You scratch the ten-headed hydra but do no damage.
The ten-headed hydra is severely wounded.
Unknown command.
You rip one of the ten-headed hydra's heads off!
The nine-headed hydra grows two more!
You eviscerate the 11-headed hydra!!!
The 11-headed hydra is almost dead.
The 11-headed hydra closely misses you. The 11-headed hydra bites you.
The Shining One protects you from harm!
The 11-headed hydra bites you but does no damage.
You block the 11-headed hydra's attack. x2
The 11-headed hydra barely misses you. The 11-headed hydra bites you.
* * * LOW HITPOINT WARNING * * *
The 11-headed hydra bites you but does no damage.
The 11-headed hydra bites you.
You die...

. ....... .........
....... ..........#
....... ##........
....... .........######
.....# .........##...#
.....#
.#............###....#..
..........##..#..>......
..........##....@....P#
#.........#.##.#D.......
.#.......### #.#.....##.
.........# ##.#....#
............ ......#
............. .........
.....###P..#.#####...###
###### ####.#. #### ##


You could see a 11-headed hydra.

Vanquished Creatures
  Harold (Lair:2)
  2 hydras (Lair:2)
  A two-headed ogre (D:11)
  3 death yaks
  2 black mambas
  8 cane toads
  Maggie (D:8)
  Jeremiah (D:7)
  A kobold demonologist (D:11)
  9 komodo dragons
  A rime drake (Lair:3)
  3 trolls
  A merfolk (Lair:3)
  A hornet (D:9)
  7 blink frogs
  Prince Ribbit (D:7)
  4 dream sheep (Lair:3)
  3 wyverns
  2 wraiths (D:10)
  A basilisk (Lair:2)
  3 steam dragons (D:8)
  37 yaks
  Menkaure (D:7)
  4 vampire mosquitoes (D:11)
  10 water moccasins
  6 orc warriors
  3 ice beasts
  2 sky beasts (D:6)
  9 black bears
  6 wolves
  2 ogres
  9 centaurs
  3 kobold brigands
  2 elf zombies (D:4)
  10 bullfrogs
  An elf skeleton (D:4)
  A scorpion (D:5)
  8 wights
  3 killer bees (D:7)
  A howler monkey (D:10)
  3 electric eels (D:8)
  A human zombie (D:4)
  3 hounds
  A jelly (D:7)
  8 orc priests
  A sleepcap (D:4)
  4 human skeletons (D:4)
  3 iguanas
  14 orc wizards
  A centaur simulacrum (D:8)
  A mummy (Ossuary)
  A killer bee simulacrum (D:8)
  4 gnolls (D:3)
  7 adders
  A shadow imp (D:7)
  A howler monkey simulacrum (D:8)
  4 white imps
  2 ufetubi
  4 worms
  3 dart slugs
  32 orcs
  5 spectral bats (Ossuary)
  3 bats
  9 endoplasms
  7 giant cockroaches
  12 gnoll zombies (Ossuary)
  10 goblins
  10 hobgoblins
  19 kobolds
  A quokka (D:1)
  7 ball pythons
  7 bat simulacra (Ossuary)
  2 frilled lizards
  3 goblin simulacra (Ossuary)
  8 goblin zombies (Ossuary)
  5 hobgoblin zombies (Ossuary)
  4 kobold simulacra (Ossuary)
  2 kobold zombies (Ossuary)
  2 orc skeletons (D:4)
  4 orc zombies
  3 rats (D:2)
  2 rat simulacra (Ossuary)
  5 spectral kobolds (Ossuary)
  3 spectral rats (Ossuary)
406 creatures vanquished.

Notes
Turn   | Place    | Note
-------+----------+-------------------------------------------
     0 | D:1      | dondy the Troll Fighter began the quest for the Orb.
     0 | D:1      | Reached XP level 1. HP: 22/22 MP: 0/0
   104 | D:1      | Found a faded altar of an unknown god.
   107 | D:1      | Prayed at the altar of an unknown god.
   107 | D:1      | Became a worshipper of the Shining One
   107 | D:1      | Reached * piety under the Shining One
   131 | D:1      | Reached XP level 2. HP: 28/29 MP: 1/1
   179 | D:1      | Reached skill level 3 in Unarmed Combat
   633 | D:2      | Reached XP level 3. HP: 35/36 MP: 2/2
   693 | D:2      | Reached skill level 4 in Unarmed Combat
   889 | D:2      | Reached XP level 4. HP: 44/44 MP: 3/3
   899 | D:2      | Identified the +3 scale mail of Vikkuuri {Rampage rN++
                  | Int-3 Dex+3}
  1192 | D:3      | Found a sparkling altar of Nemelex Xobeh.
  1445 | D:3      | Found Futo's Jewellery Shop.
  1593 | D:3      | Found Atitzoi's Antique Weapon Boutique.
  1802 | D:3      | Reached skill level 1 in Shapeshifting
  2250 | D:4      | Reached skill level 5 in Unarmed Combat
  2250 | D:4      | Reached XP level 5. HP: 50/50 MP: 4/4
  2277 | D:4      | Found a transporter.
  2279 | D:4      | Noticed an ice beast
  2286 | D:4      | Noticed an ice beast
  2426 | D:4      | Found a bloodstained altar of Trog.
  2517 | D:4      | Reached XP level 6. HP: 51/59 MP: 5/5
  2518 | D:4      | Reached ** piety under the Shining One
  2524 | D:4      | Reached skill level 6 in Unarmed Combat
  2559 | D:4      | Found a sand-covered staircase.
  2577 | D:4      | Reached XP level 7. HP: 63/66 MP: 6/6
  2582 | Ossuary  | Entered an ossuary
  2604 | Ossuary  | Reached *** piety under the Shining One
  2659 | Ossuary  | Reached **** piety under the Shining One
  2790 | Ossuary  | Reached ***** piety under the Shining One
  2851 | Ossuary  | Reached skill level 7 in Unarmed Combat
  2949 | D:4      | Found an ancient bone altar of Kikubaaqudgha.
  2954 | D:4      | Found a shadowy altar of Dithmenos.
  3023 | D:4      | Found Zutun's Weapon Emporium.
  3057 | D:4      | Found a transporter.
  3698 | D:5      | Entered Level 5 of the Dungeon
  3766 | D:5      | Reached skill level 8 in Unarmed Combat
  3792 | D:5      | Found Veumeew's General Store.
  3868 | D:5      | Found a staircase to the Ecumenical Temple.
  4017 | D:5      | Reached XP level 8. HP: 64/74 MP: 7/7
  4195 | D:5      | Reached skill level 5 in Shapeshifting
  4490 | D:6      | Reached skill level 5 in Shields
  4512 | D:6      | Reached ****** piety under the Shining One
  4605 | D:6      | Found a basalt altar of Yredelemnul.
  4750 | D:6      | Reached XP level 9. HP: 67/80 MP: 8/8
  4924 | D:7      | Found a sacrificial altar of Ru.
  4938 | D:7      | Noticed Jeremiah
  5197 | D:7      | Found a hazy altar of Hepliaklqana.
  5331 | D:7      | Noticed Menkaure
  5354 | D:7      | Killed Menkaure
  5471 | D:7      | Found a glowing golden altar of the Shining One.
  5489 | D:7      | Noticed Prince Ribbit
  5498 | D:7      | Killed Prince Ribbit
  5499 | D:7      | Reached skill level 9 in Unarmed Combat
  5602 | D:7      | Killed Jeremiah
  5740 | D:7      | Found a blossoming altar of Fedhas.
  6244 | D:8      | Reached XP level 10. HP: 59/88 MP: 9/9
  6317 | D:8      | Reached skill level 10 in Unarmed Combat
  6499 | D:8      | Noticed Maggie
  6513 | D:8      | Killed Maggie
  7083 | D:8      | Reached skill level 11 in Unarmed Combat
  7221 | D:8      | Found a broken altar of Ashenzari.
  7523 | D:9      | Reached skill level 12 in Unarmed Combat
  7548 | D:9      | Found a staircase to the Orcish Mines.
  7731 | D:9      | Reached XP level 11. HP: 96/97 MP: 10/10
  8038 | D:9      | Found a glowing silver altar of Zin.
  8056 | D:10     | Entered Level 10 of the Dungeon
  8572 | D:10     | Found a staircase to the Lair.
  8624 | D:10     | Found an ornate altar of the Wu Jian Council.
  8939 | D:11     | Noticed a two-headed ogre
  8951 | D:11     | Killed a two-headed ogre
  8952 | D:11     | Reached skill level 10 in Shields
  9018 | D:11     | Reached skill level 5 in Fighting
  9029 | D:11     | Reached skill level 1 in Throwing
  9526 | Lair:1   | Entered Level 1 of the Lair of Beasts
 10241 | Lair:1   | Identified the +6 long sword "Waiteops" {freeze, rF+}
 10392 | Lair:2   | Reached XP level 12. HP: 114/114 MP: 11/11
 10431 | Lair:2   | Reached skill level 5 in Throwing
 10599 | Lair:2   | Noticed Harold
 10612 | Lair:2   | Killed Harold
 10638 | Lair:2   | Reached skill level 13 in Unarmed Combat
 10652 | Lair:2   | Noticed a four-headed hydra
 10664 | Lair:2   | Killed an 11-headed hydra
 11067 | Lair:2   | Got the Papyrus of Grounded Beguiling
 11398 | Lair:3   | Noticed a five-headed hydra
 11415 | Lair:2   | Killed a seven-headed hydra
 11460 | Lair:3   | Noticed a death yak
 11466 | Lair:3   | Noticed a death yak
 11481 | Lair:2   | Killed a death yak
 11483 | Lair:3   | Noticed a death yak
 11491 | Lair:2   | Killed a death yak
 11537 | Lair:3   | Killed a death yak
 11864 | Lair:3   | Found a hole to the Spider Nest.
 12080 | Lair:3   | Found a staircase to the Shoals.
 12467 | Lair:4   | Reached skill level 14 in Unarmed Combat
 12593 | Lair:4   | Reached XP level 13. HP: 120/120 MP: 12/12
 12762 | Lair:4   | HP: 4/120 [ten-headed hydra (5)]
 12764 | Lair:4   | The Shining One protects you from harm!
 12764 | Lair:4   | Slain by an 11-headed hydra

Illustrated notes

Levels and vault maps discovered:
D:1:      lemuel_arrival_cross, layout_rooms,
          hellmonk_ecumenical_altar_inner_sanctum
D:2:      layout_rooms, st_stairs_9, dk_noncrumbling_3
D:3:      layout_basic, nemelex_spade_bored_becter, serial_shops, shop, shop
D:4:      gammafunk_cloud_chamber, layout_basic, grunt_temple_overflow_open,
          trog_hazing_becter, nicolae_ossuary_entry_catacombs, serial_shops,
          shop, cheibrodos_sewer_entry_drain, kennysheep_generic_room_4
D:5:      layout_loops_cross, minmay_temple_entry_proselytizer, serial_shops,
          nicolae_shop_crystal, kennysheep_generic_room_14
D:6:      nicolae_BIG_FREAKIN_CUBE, layout_rooms, kennysheep_little_box
D:7:      layout_basic, overflow_temple_1_default, lemuel_crystal_altar,
          mainiacjoe_overflow_boulevard, nicolae_hepliaklqana_hazy_memory,
          uniq_menkaure, uniq_prince_ribbit1, uniq_jeremiah
D:8:      layout_basic, lemuel_round_altar, serial_ice, serial_ice_f,
          serial_ice_b, serial_ice_g, serial_ice_l, serial_ice_m, serial_ice_e,
          serial_ice_o, serial_ice_d, serial_ice_c, serial_ice_a, uniq_maggie
D:9:      layout_cave_pools, zin_scriptorium, orc_0_dummy
D:10:     layout_big_octagon, nzn_wu_jian_council_hall, david_lair_shrubbed
D:11:     layout_loops_ring
Lair:1:   layout_regular_city, grunt_megastairs_1
Lair:2:   layout_gridlike, infiniplex_staircase_pool_2, serial_bayou_shore_b,
          lemuel_fruit_tree, uniq_harold
Lair:3:   layout_regular_city, elwin_shoals_entry_rooms,
          spider_nest_entry_web_field
Lair:4:   layout_regular_city, wad_woods_river_01

Skill      XL: |  1  2  3  4  5  6  7  8  9 10 11 12 |
---------------+-------------------------------------+-----
Unarmed Combat | 3 4 5 6 8 9 12 14 | 14.0
Shapeshifting  | 1 2 3 4 6 7 8 |  8.9
Shields        | 3 5 7 9 10 | 10.9
Fighting       | 3 6 |  6.1
Throwing       | 4 6 |  6.0
Dodging        | |  2.4

Action                     |  1- 3 |  4- 6 |  7- 9 | 10-12 | 13-15 || total
---------------------------+-------+-------+-------+-------+-------++-------
  Melee: Unarmed           |    68 |    99 |   335 |   538 |    54 ||  1094
  Throw: Dart              |       |       |     4 |       |       ||     4
         Throwing net      |       |       |       |     1 |       ||     1
  Evoke: Wand              |       |       |       |     4 |     3 ||     7
    Use: Scroll            |       |       |       |    12 |       ||    12
         Potion            |       |       |       |     2 |       ||     2
 Armour: Robe              |    23 |    16 |    72 |     5 |       ||   116
         Acid dragon scale |       |       |       |   118 |    42 ||   160
  Dodge: Dodged            |    22 |    18 |    89 |   145 |    39 ||   313
  Block: Kite shield       |    21 |    31 |    95 |   211 |    61 ||   419
         Form:             |       |     1 |       |       |       ||     1
         Maw               |       |     1 |       |       |       ||     1

Table legend: (Time is in decaauts)
 A = Elapsed time spent in this place.
 B = Non-inter-level travel time spent in this place.
 C = Inter-level travel time spent in this place.
 D = Time resting spent in this place.
 E = Time spent auto-exploring this place.
 F = Levels seen in this place.
 G = Mean time per level.
                   A        B        C        D        E       F      G
               +--------+--------+--------+--------+--------+-----+--------+
         Total |  12654 |  11975 |    679 |   1169 |   8313 |  16 |  790.9 |
       Dungeon |   9151 |   8636 |    515 |    867 |   6015 |  11 |  831.9 |
          Lair |   3170 |   3006 |    164 |    301 |   2137 |   4 |  792.5 |
       Ossuary |    331 |    331 |      0 |      0 |    161 |   1 |  331.0 |
               +--------+--------+--------+--------+--------+-----+--------+

Top non-repeatable levels by time:
     D:8: 1363 daAuts
     D:4: 1117 daAuts
     D:3: 1063 daAuts
  Lair:2: 1025 daAuts
     D:7: 1022 daAuts
  Lair:3: 931 daAuts
  Lair:1: 887 daAuts
    D:11: 808 daAuts
     D:6: 731 daAuts
     D:9: 632 daAuts
     D:5: 623 daAuts
     D:2: 609 daAuts
    D:10: 604 daAuts
     D:1: 576 daAuts
 Ossuary: 331 daAuts
